 Dungeon Crawl Stone Soup version 0.28-a0-1638-g9123634e07 (webtiles) character file.

Game seed: 6778412549826706581

56 bladeefan the Cudgeller (level 3, -1/24 HPs)
             Began as a Gargoyle Chaos Knight on Jan 25, 2022.
             Was a Plaything of Xom.
             Slain by a gnoll (4 damage)
             ... on level 2 of the Dungeon.
             The game lasted 00:02:39 (1623 turns).

bladeefan the Cudgeller (Gargoyle Chaos Knight)     Turns: 1623, Time: 00:02:39

Health: -1/24      AC:  8    Str: 17    XL:     3   Next: 97%
Magic:  3/3        EV:  8    Int: 12    God:    Xom [.....*]
Gold:   19         SH:  6    Dex:  9    Spells: 2/2 levels left

rFire   . . .      SeeInvis .   a - +0 mace (chaos)
rCold   . . .      Faith    .   b - +0 kite shield
rNeg    + . .      Spirit   .   d - +0 ring mail
rPois   ∞          Reflect  .   (helmet restricted)
rElec   +          Harm     .   (no cloak)
rCorr   .          Rampage  .   (no gloves)
Will    .....                   (no boots)
Stlth   ..........              (no amulet)
HPRegen 0.08/turn               (no ring)
MPRegen 0.08/turn               (no ring)

@: no status effects
A: sickness immunity, AC +3, negative energy resistance 1, electricity
resistance, torment resistance 1, petrification resistance, antennae 1,
deterioration 1, no potion heal 1
a: Renounce Religion


You were on level 2 of the Dungeon.
You worshipped Xom.
You were Xom's teddy bear.
You visited 1 branch of the dungeon, and saw 2 of its levels.

You collected 19 gold pieces.

Inventory:

Hand Weapons
 a - a +0 mace of chaos (weapon)
Armour
 b - a +0 kite shield (worn)
   (You found it on level 1 of the Dungeon)
 d - a +0 ring mail (worn)
   (You found it on level 1 of the Dungeon)
Jewellery
 i - a ring of protection from fire
   (You found it on level 1 of the Dungeon)
Scrolls
 c - a scroll of noise {unknown}
 e - 2 scrolls of identify {unknown}


   Skills:
 + Level 3.7 Fighting
 * Level 3.8 Maces & Flails
 + Level 2.7 Armour
 + Level 1.4 Dodging


You had 2 spell levels left.
You didn't know any spells.
Your spell library was empty.

Dungeon Overview and Level Annotations

Branches:
Dungeon (2/15)

Altars:


Innate Abilities, Weirdness & Mutations

You are immune to sickness and miasma.
Your stone body is resilient. (AC +3)
You are immune to poison.
You resist negative energy. (rN+)
You are resistant to electric shocks. (rElec)
You are resistant to unholy torment.
You are immune to petrification.
You have a pair of small antennae on your head.
Your body sometimes deteriorates upon taking damage.
Potions are less effective at restoring your health.


Message History

A gnoll comes into view. It is wielding a +0 whip.
You feel your intelligence returning.
The gnoll shouts!
You hit the hobgoblin.
You kill the hobgoblin!
The gnoll hits you from afar with a +0 spear.
The gnoll hits you with a +0 spear.
Items here: ) †††††.
You closely miss the gnoll. The gnoll hits you but does no damage.
The gnoll hits you with a +0 spear.
You barely miss the gnoll.
The gnoll shouts!
The gnoll closely misses you.
You hit the gnoll.
The gnoll is poisoned.
The gnoll closely misses you.
You sock the gnoll!
You kill the gnoll!
You hit the gnoll. You block the gnoll's attack.
The gnoll barely misses you. x2
You closely miss the gnoll. You block the gnoll's attack.
The gnoll hits you with a +0 whip.
You hit the gnoll but do no damage. You block the gnoll's attack. x2
The gnoll hits you from afar with a +1 spear of venom.
* * * LOW HITPOINT WARNING * * *
You barely miss the gnoll. The gnoll hits you with a +0 whip.
* * * LOW HITPOINT WARNING * * *
The gnoll hits you from afar with a +1 spear of venom.
* * * LOW HITPOINT WARNING * * *
The gnoll hits you with a +0 whip.
* * * LOW HITPOINT WARNING * * *
As you read the scroll labelled OCUMNI XERPHI, it crumbles to dust.
You assume a fearsome visage.
The gnoll looks frightened! x2
It was a scroll of fear.
You start resting.
A gnoll is nearby!
The gnoll closely misses you. The gnoll barely misses you.
You hit the gnoll. The gnoll hits you but does no damage.
You closely miss the gnoll.
The gnoll hits you with a +1 spear of venom.
* * * LOW HITPOINT WARNING * * *
The gnoll hits you with a +1 spear of venom.
* * * LOW HITPOINT WARNING * * *
You closely miss the gnoll. You block the gnoll's attack.
You hit the gnoll but do no damage. The gnoll barely misses you.
The gnoll hits you with a +1 spear of venom.
* * * LOW HITPOINT WARNING * * *
You completely miss the gnoll. The gnoll barely misses you.
Unknown command.
You hit the gnoll but do no damage.
The gnoll hits you with a +1 spear of venom.
You die...

.# #.)......g..
.# #.###.)#.##.
###.# #...g#.#
...####.#.##.#.#
##.......#...<..#
#............g..#
#..####.........#
#..# #g#####..>#
#.@# #.# #.###
#.g# #.# #)# #..#
#.# #)# #..####.#
#.# #.......# #.#
#.####### #.# #.#
#.# #.# #.# #.#
#.#


You could see a gnoll.

Vanquished Creatures
  2 gnolls (D:2)
  2 bats (D:1)
  2 endoplasms (D:1)
  A giant cockroach (D:1)
  2 goblins (D:1)
  A hobgoblin (D:2)
  6 jackals
  7 kobolds
  3 quokkas (D:1)
  3 ball pythons (D:1)
  A frilled lizard (D:2)
  2 rats
32 creatures vanquished.

Vanquished Creatures (others)
  3 plants (D:1)
3 creatures vanquished.

Grand Total: 35 creatures vanquished

Notes
Turn   | Place    | Note
-------+----------+-------------------------------------------
     0 | D:1      | bladeefan the Gargoyle Chaos Knight began the quest for the
                  | Orb.
     0 | D:1      | Reached XP level 1. HP: 14/14 MP: 1/1
    50 | D:1      | Found a faded altar of an unknown god.
   164 | D:1      | Reached skill level 1 in Dodging
   164 | D:1      | Reached XP level 2. HP: 19/19 MP: 2/2
   175 | D:1      | XOM: silly message
   757 | D:1      | XOM: noise
   838 | D:1      | XOM: give mutations
   838 | D:1      | Gained mutation: Potions are less effective at restoring
                  | your health. [Xom's mischief]
   838 | D:1      | Gained mutation: Your body sometimes deteriorates upon
                  | taking damage. [Xom's mischief]
  1039 | D:1      | XOM: 1-stop teleportation journey
  1163 | D:1      | Reached XP level 3. HP: 23/23 MP: 3/3
  1167 | D:1      | XOM: give mutation
  1167 | D:1      | Gained mutation: You have a pair of small antennae on your
                  | head. [Xom's grace]
  1623 | D:2      | Slain by a gnoll

Illustrated notes

Levels and vault maps discovered:
D:1:      mainiacjoe_arrival_reflecting_pool, layout_basic,
          shapermc_ecumenical_altar_notcrosses, serial_forest,
          infiniplex_forest_zigzag_2, infiniplex_forest_lined_3,
          infiniplex_forest_zigzag_1, infiniplex_forest_lined_3,
          infiniplex_forest_clump_long
D:2:      layout_basic, chequers_mini_garden, kennysheep_generic_room_12

Skill      XL: |  1 |
---------------+----+-----
Dodging        | 1 |  1.4
Fighting       | |  3.7
Maces & Flails | |  3.8
Armour         | |  2.7

Action                   || total
-------------------------++-------
Melee: Mace              ||    97
  Use: Scroll            ||     1
Armor: Ring mail         ||    45
       Leather armour    ||     3
Dodge: Dodged            ||    41
Block: Kite shield       ||    31

Table legend: (Time is in decaauts)
 A = Elapsed time spent in this place.
 B = Non-inter-level travel time spent in this place.
 C = Inter-level travel time spent in this place.
 D = Time resting spent in this place.
 E = Time spent auto-exploring this place.
 F = Levels seen in this place.
 G = Mean time per level.
                   A        B        C        D        E       F      G
               +--------+--------+--------+--------+--------+-----+--------+
         Total |   1663 |   1656 |      7 |    350 |    983 |   2 |  831.5 |
       Dungeon |   1663 |   1656 |      7 |    350 |    983 |   2 |  831.5 |
               +--------+--------+--------+--------+--------+-----+--------+

Top non-repeatable levels by time:
     D:1: 1524 daAuts
     D:2: 138 daAuts
